AoeStats
← Bear_Pig_Man

African Clearing

510433792Analyzed
4v4 RM · 14h ago on Oct 1, 2026· 55m 58s· 8 players
Game mode
Random Map
Map size
Large (8 player)
Population
200
Speed
Normal
Resources
Standard
Victory
Conquest
Starting age
Dark Age
Ending age
Imperial Age
RankedLock teamsTeams togetherTeam positionsShared explorationLock speedFull tech treeHidden civsTurbo modeCheats
Victory
Defeat
🇦🇷 Goths · Argentina
1025
+15
🇵🇪 Poles · Peru
1024
+15
1017
+16
🇧🇷 Georgians · Brazil
999
+16
🇺🇸 Britons · United States
1028
-16
🇮🇳 Persians · India
1026
-16
🇲🇽 Cumans · Mexico
1014
-16
🇺🇸 Varangians · United States
968
-14
Big Tiozao
11:44 Loom
13:46 Feudal Age
16:21 Double-Bit Axe
20:09 Castle Age
19:06 Gold Mining
20:03 Wheelbarrow
20:35 Forging
21:19 Bow Saw
24:11 Stone Mining
25:47 Horse Collar
34:52 Imperial Age
32:21 Town Watch
33:19 Guard Tower
33:50 Ballistics
35:56 Fletching
36:42 Iron Casting
36:13 Scale Barding Armor
36:07 Murder Holes
36:28 Masonry
40:48 Blast Furnace
40:08 Chain Barding Armor
39:44 Bodkin Arrow
40:25 Svan Towers
40:41 Block Printing
42:27 Heavy Plow
43:13 Conscription
43:13 Hand Cart
43:57 Arrowslits
44:48 Keep
44:44 Architecture
43:56 Treadmill Crane
44:55 Plate Barding Armor
44:21 Bracer
44:47 Elite Monaspa
47:05 Town Patrol
48:09 Chemistry
48:21 Aznauri Cavalry
48:30 Aznauri Cavalry
50:01 Crop Rotation
51:46 Husbandry
51:57 Bloodlines
55:31 Stone Shaft Mining
55:10 Fortified Wall
55:06 Siege Engineers
セバスティアン
5:14 Loom
13:48 Feudal Age
14:25 Double-Bit Axe
21:26 Castle Age
21:04 Scale Mail Armor
21:19 Forging
23:50 Squires
25:30 Fletching
26:34 Stone Mining
26:30 Pikeman
27:49 Scale Mail Armor
28:27 Iron Casting
28:27 Gold Mining
30:21 Scale Mail Armor
30:26 Horse Collar
32:04 Chain Mail Armor
38:37 Imperial Age
37:53 Wheelbarrow
37:29 Scale Barding Armor
38:39 Chain Barding Armor
39:42 Hauberk
40:00 Husbandry
41:16 Gold Shaft Mining
40:15 Cavalier
41:51 Plate Mail Armor
44:27 Bow Saw
47:17 Blast Furnace
45:40 Halberdier
46:37 Bloodlines
47:23 Light Cavalry
54:36 Plate Barding Armor
jairo
14:29 Feudal Age
12:45 Loom
19:28 Castle Age
17:26 Horse Collar
19:22 Double-Bit Axe
21:53 Heavy Plow
22:03 Bow Saw
27:14 Wheelbarrow
29:49 Hand Cart
29:20 Town Watch
29:42 Husbandry
29:52 Bloodlines
29:03 Light Cavalry
29:56 Forging
29:51 Scale Barding Armor
33:59 Imperial Age
31:30 Town Patrol
31:30 Murder Holes
32:24 Iron Casting
32:09 Chain Barding Armor
33:23 Szlachta Privileges
34:20 Cavalier
35:29 Gold Mining
35:31 Stone Mining
37:32 Conscription
37:24 Caravan
37:54 Coinage
38:41 Winged Hussar
41:41 Lechitic Legacy
42:07 Crop Rotation
42:16 Stone Shaft Mining
43:36 Banking
42:46 Elite Obuch
45:56 Blast Furnace
44:57 Scale Mail Armor
44:48 Fletching
44:58 Padded Archer Armor
44:20 Pikeman
45:01 Squires
44:48 Arson
44:23 Man-at-Arms
44:39 Sappers
45:45 Hoardings
47:10 Fortified Wall
47:05 Siege Engineers
47:21 Ballistics
48:02 Chemistry
54:56 Spies/Treason
argentineau
5:29 Loom
16:40 Feudal Age
17:15 Horse Collar
20:03 Wheelbarrow
20:16 Double-Bit Axe
23:42 Castle Age
24:59 Bow Saw
27:01 Heavy Plow
32:36 Hand Cart
32:07 Town Watch
32:22 Gold Mining
32:22 Stone Mining
34:08 Town Patrol
36:15 Stone Mining
42:07 Imperial Age
39:53 Anarchy
41:32 Scale Mail Armor
42:15 Elite Huskarl
42:58 Perfusion
43:20 Conscription
43:50 Chain Mail Armor
44:32 Pikeman
45:12 Squires
Bear_Pig_Man
6:52 Loom
16:39 Feudal Age
17:22 Double-Bit Axe
21:32 Castle Age
21:45 Forging
21:36 Scale Mail Armor
21:28 Fletching
22:45 Gambesons
23:15 Horse Collar
24:29 Gold Mining
26:30 Wheelbarrow
27:45 Hand Cart
28:33 Bow Saw
29:37 Pikeman
30:21 Squires
30:56 Bodkin Arrow
33:16 Iron Casting
33:24 Heavy Plow
33:26 Town Watch
34:08 Padded Archer Armor
37:09 Gold Shaft Mining
43:25 Imperial Age
Christ is Lord † |Acts 16:31
12:55 Loom
16:48 Feudal Age
22:03 Castle Age
20:38 Double-Bit Axe
20:34 Horse Collar
22:14 Gold Mining
22:45 Forging
27:02 Scale Barding Armor
27:46 Heavy Plow
29:54 Bloodlines
30:17 Husbandry
30:41 Chain Barding Armor
30:30 Fletching
32:27 Bow Saw
33:02 Iron Casting
33:25 Bodkin Arrow
34:25 Padded Archer Armor
34:47 Stone Mining
36:14 Leather Archer Armor
38:46 Ballistics
38:58 Light Cavalry
42:12 Imperial Age
43:16 Cranequins
44:55 Wheelbarrow
44:46 Town Watch
45:05 Bracer
danny dillinger
10:21 Loom
16:11 Feudal Age
16:40 Double-Bit Axe
Arham
4:43 Loom
16:30 Feudal Age
19:43 Horse Collar
22:10 Castle Age
25:33 Bloodlines
30:07 Double-Bit Axe
30:30 Heavy Plow
32:07 Forging
32:02 Stone Mining
38:54 Imperial Age
37:06 Scale Barding Armor
38:40 Iron Casting
40:21 Blast Furnace
40:31 Chain Barding Armor
40:46 Citadels
42:00 Elite War Elephant
43:05 Conscription
43:24 Plate Barding Armor
44:33 Wheelbarrow
46:31 Fletching
48:30 Bodkin Arrow
Connection lost

Rejoining the realm…

Still unreachable

The connection could not be restored.

Session expired

The server has moved on; the page needs a fresh start.